Panthers vs Devils

Created - 30 janvier 2022 at 15:56

Goals
1 2 3 T
Panthers 1 1 1 3
Devils 0 1 1 2
Shots
1 2 3 T
Panthers 15 13 8 36
Devils 13 10 16 39

GoalsPenalties
1st period
1. Panthers , Claude Giroux 17 (Seth Jones 34, Vladislav Namestnikov 19) at 3:17
Andre Burakovsky (FLO) for Roughing (Minor) at 4:39
Anthony DeAngelo (NJD) for Hooking (Minor) at 18:12
2nd period
2. Devils , Jason Spezza 17 (Kevin Stenlund 3, Alexander Barabanov 5) at 0:41
3. Panthers , Vladislav Namestnikov 12 (Claude Giroux 22, Dylan DeMelo 25) at 16:36 (PP)
Nicolas Roy (NJD) for Hooking (Minor) at 16:02
Nikita Zaitsev (FLO) for Roughing (Minor) at 18:45
3rd period
4. Devils , Charlie McAvoy 9 (Jason Spezza 21) at 0:06 (PP)
5. Panthers , Nikita Zaitsev 8 (Colton Parayko 16, Reilly Smith 24) at 19:55 (PP)
Dylan DeMelo (FLO) for Tripping (Minor) at 9:33
Justin Braun (FLO) for Hooking (Minor) at 16:36
Jimmy Vesey (NJD) for Cross-checking (Minor) at 18:14
Josh Morrissey (NJD) for Holding (Minor) at 19:06
Goalie Stats
Collin Delia (FLO), 37 saves from 39 shots - (0,949), W, 4-4-2, 60:00 minutes
Braden Holtby (NJD), 33 saves from 36 shots - (0,917), L, 11-10-2, 60:00 minutes
3 StarsOfficial
1 - Vladislav Namestnikov (FLO)
2 - Collin Delia (FLO)
3 - Claude Giroux (FLO)
Referees : Brian Pochmara and Dean Morton
Linesman : Steve Miller and Derek Nansen
Game Note
No Game Note



Team Name Goals Shots Shots Attemp Shots Blocked PIM HIT PP PK FO%
Panthers 33668128122 / 4 (50%)163%
Devils 2396558151 / 4 (25%)237%

Panthers
Player Name POS G A P +/- PIM HIT SHT SB MP PP MP PP SHT PK MP PK SHT FO% FOT
Aleksander BarkovC000-1003120:171:5913:05068% 34
Andre BurakovskyLW/RW000-1200016:581:5900:000100% 1
Brett HowdenC/LW/RW0000023012:080:0000:00053% 17
Claude GirouxC/LW/RW1121007020:441:5803:52063% 30
Colton ParaykoD0110010221:222:1303:1500% 0
David KrejciC0000002012:080:0000:0000% 0
Dmitry KulikovD0000010313:400:0000:0000% 0
Dylan DeMeloD0110211123:471:4412:3200% 0
Eric RobinsonLW000001006:510:0000:0000% 0
Jonathan MarchessaultLW/RW000-1003020:171:5913:050100% 1
Justin BraunD0000202115:170:0001:3800% 0
Michael RafflLW/RW000001206:510:0000:0000% 0
Nikita ZaitsevD1010223120:532:1322:4700% 0
Oskar SundqvistC/LW/RW0000010012:080:0000:0000% 0
Reilly SmithLW/RW0111000020:401:5803:52050% 2
Riley NashC/RW000000106:510:0000:00055% 11
Seth JonesD0110007324:581:4423:4200% 0
Vladislav NamestnikovC/LW/RW1121022016:481:5820:000100% 1
Devils
Player Name POS G A P +/- PIM HIT SHT SB MP PP MP PP SHT PK MP PK SHT FO% FOT
Alex GalchenyukC/LW000000007:000:0000:00038% 8
Alexander BarabanovLW0111002013:210:0000:0000% 3
Anthony DeAngeloD000-1202116:470:0000:0000% 0
Charlie McAvoyD1011034126:084:1242:2100% 0
Dryden HuntLW000001007:310:0000:3100% 1
Jason SpezzaC/RW1121003018:473:5401:32048% 25
Jimmy VeseyLW/RW000-1200017:243:0201:0500% 1
Johnny BoychukD0000012116:442:2511:3600% 0
Josh AndersonLW/RW0000016015:070:0000:00033% 18
Josh MorrisseyD000-1205221:514:3211:2300% 0
Juho LammikkoC000000007:000:0000:0000% 0
Kevin StenlundC/RW0111020013:210:0000:0000% 2
Mason AppletonC/LW/RW000-1002018:333:0302:13050% 8
Matt GrzelcykD0001022022:332:2520:1200% 0
Nicolas RoyC000-1223018:243:0311:44044% 25
Rickard RakellC/LW/RW0000003019:223:5400:0000% 3
Tim StutzleLW0000015019:013:5430:0000% 3
Travis DermottD0000020015:550:2002:2100% 0

Panthers

5 vs 5 Forward
Line #Left WingCenterRight WingPHYDFOFWanted %Time %Time Play
1Jonathan MarchessaultAleksander BarkovAndre Burakovsky0143031%14:56
2Vladislav NamestnikovClaude GirouxReilly Smith0143030%14:50
3David KrejciBrett HowdenOskar Sundqvist0322425%12:08
4Eric RobinsonRiley NashMichael Raffl0321614%6:51
5 vs 5 Defense
Line #DefenseDefensePHYDFOFWanted %Time %Time Play
1Seth JonesDylan DeMelo0143028%13:51
2Nikita ZaitsevColton Parayko0143032%15:50
3Dmitry KulikovJustin Braun0322428%13:40
4Seth JonesDylan DeMelo0141611%5:24
Power Play Forward
Line #Left WingCenterRight WingPHYDFOFWanted %Time %Time Play
1Jonathan MarchessaultAleksander BarkovAndre Burakovsky0145050%1:59
2Vladislav NamestnikovClaude GirouxReilly Smith0145050%1:58
Power Play Defense
Line #DefenseDefensePHYDFOFWanted %Time %Time Play
1Seth JonesDylan DeMelo0145044%1:44
2Nikita ZaitsevColton Parayko0145056%2:13
Penalty Kill 4 Players Forward
Line #CenterWingPHYDFOFWanted %Time %Time Play
1Aleksander BarkovJonathan Marchessault0325044%3:05
2Claude GirouxReilly Smith0325056%3:52
Penalty Kill 4 Players Defense
Line #DefenseDefensePHYDFOFWanted %Time %Time Play
1Seth JonesDylan DeMelo0325053%3:42
2Nikita ZaitsevColton Parayko0325047%3:15
Penalty Kill 3 Players
Line #WingPHYDFOFWanted %Time %Time PlayDefenseDefensePHYDFOFWanted %Time %Time Play
1Aleksander Barkov032500%0:00 Seth JonesDylan DeMelo032500%0:00
2Claude Giroux032500%0:00 Nikita ZaitsevColton Parayko032500%0:00
4 vs 4 Forward
Line #CenterWingPHYDFOFWanted %Time %Time Play
1Aleksander BarkovJonathan Marchessault0145081%0:17
2Claude GirouxAndre Burakovsky0145019%0:04
4 vs 4 Defense
Line #DefensePHYDFOFWanted %Time %Time Play
1Seth JonesDylan DeMelo0145081%50% - 0:17
2Nikita ZaitsevColton Parayko0145019%50% - 0:04
Last Minutes Offensive
Left WingCenterRight WingDefenseDefense
Claude GirouxAleksander BarkovReilly SmithSeth JonesNikita Zaitsev
Last Minutes Defensive
Left WingCenterRight WingDefenseDefense
Claude GirouxAleksander BarkovReilly SmithSeth JonesNikita Zaitsev
Time
Total ForwardTotal DefenseLast Minutes OffensiveLast Minutes Defensive
60:00 60:00 0:000:00
Extra Forwards
Normal PowerPlayPenalty Kill
Brett Howden, Oskar Sundqvist, Riley NashBrett Howden, Oskar SundqvistRiley Nash
Extra Defensemen
Normal PowerPlayPenalty Kill
Colton Parayko, Justin Braun, Nikita ZaitsevDylan DeMelo, Justin BraunNikita Zaitsev
Penalty Shots
Aleksander Barkov, Jonathan Marchessault, Claude Giroux, Reilly Smith, Andre Burakovsky
Goalie
Collin Delia, Jonathan Quick
Custom OT Lines Forwards
Aleksander Barkov, Claude Giroux, Reilly Smith, Jonathan Marchessault, Andre Burakovsky, Vladislav Namestnikov, Brett Howden, Oskar Sundqvist, Riley Nash, Eric Robinson
Custom OT Lines Defensemen
Seth Jones, Dylan DeMelo, Nikita Zaitsev, Colton Parayko, Justin Braun
Scratches
Jujhar Khaira (Sprained Right Finger Injury), Chad Ruhwedel (Healthy), Jason Demers (Healthy)

Devils

5 vs 5 Forward
Line #Left WingCenterRight WingPHYDFOFWanted %Time %Time Play
1Tim StutzleJosh AndersonRickard Rakell0143031%15:07
2Mason AppletonNicolas RoyJimmy Vesey1312827%13:17
3Kevin StenlundJason SpezzaAlexander Barabanov0142827%13:21
4Juho LammikkoAlex GalchenyukDryden Hunt1221414%7:00
5 vs 5 Defense
Line #DefenseDefensePHYDFOFWanted %Time %Time Play
1Charlie McAvoyMatt Grzelcyk1224240%19:35
2Josh MorrisseyAnthony DeAngelo1223734%16:48
3Johnny BoychukTravis Dermott2302125%12:22
4Charlie McAvoyJosh Morrissey12200%0:00
Power Play Forward
Line #Left WingCenterRight WingPHYDFOFWanted %Time %Time Play
1Rickard RakellJason SpezzaTim Stutzle0055956%3:54
2Nicolas RoyMason AppletonJimmy Vesey0234144%3:03
Power Play Defense
Line #DefenseDefensePHYDFOFWanted %Time %Time Play
1Charlie McAvoyJosh Morrissey0145965%4:32
2Johnny BoychukMatt Grzelcyk1224135%2:25
Penalty Kill 4 Players Forward
Line #CenterWingPHYDFOFWanted %Time %Time Play
1Nicolas RoyJimmy Vesey1225051%1:36
2Jason SpezzaMason Appleton1225049%1:32
Penalty Kill 4 Players Defense
Line #DefenseDefensePHYDFOFWanted %Time %Time Play
1Charlie McAvoyTravis Dermott1225053%1:40
2Johnny BoychukJosh Morrissey1225047%1:28
Penalty Kill 3 Players
Line #WingPHYDFOFWanted %Time %Time PlayDefenseDefensePHYDFOFWanted %Time %Time Play
1Nicolas Roy1225016%0:08 Charlie McAvoyTravis Dermott1225084%0:41
2Mason Appleton1225084%0:41 Johnny BoychukMatt Grzelcyk1225016%0:08
4 vs 4 Forward
Line #CenterWingPHYDFOFWanted %Time %Time Play
1Nicolas RoyRickard Rakell12250100%0:21
2Mason AppletonTim Stutzle122500%0:00
4 vs 4 Defense
Line #DefensePHYDFOFWanted %Time %Time Play
1Charlie McAvoyJosh Morrissey122500%50% - 0:00
2Johnny BoychukMatt Grzelcyk12250100%50% - 0:21
Last Minutes Offensive
Left WingCenterRight WingDefenseDefense
Rickard RakellJason SpezzaTim StutzleCharlie McAvoyJosh Morrissey
Last Minutes Defensive
Left WingCenterRight WingDefenseDefense
Jimmy VeseyNicolas RoyMason AppletonCharlie McAvoyTravis Dermott
Time
Total ForwardTotal DefenseLast Minutes OffensiveLast Minutes Defensive
60:00 60:00 0:000:00
Extra Forwards
Normal PowerPlayPenalty Kill
Mason Appleton, Rickard Rakell, Tim StutzleTim Stutzle, Mason AppletonDryden Hunt
Extra Defensemen
Normal PowerPlayPenalty Kill
Travis Dermott, Matt Grzelcyk, Johnny BoychukTravis Dermott, Matt GrzelcykJohnny Boychuk
Penalty Shots
Tim Stutzle, Rickard Rakell, Nicolas Roy, Mason Appleton, Alexander Barabanov
Goalie
Braden Holtby, Alex Nedeljkovic
Custom OT Lines Forwards
Tim Stutzle, Rickard Rakell, Nicolas Roy, Mason Appleton, Josh Anderson, Jason Spezza, Alex Galchenyuk, Alexander Barabanov, Jimmy Vesey, Dryden Hunt
Custom OT Lines Defensemen
Charlie McAvoy, Josh Morrissey, Matt Grzelcyk, Johnny Boychuk, Travis Dermott
Scratches
Colin Miller (Healthy), Malcolm Subban (Healthy)


Play-by-Play

1st period


0:01 of 1st period - Aleksander Barkov wins face-off versus Rickard Rakell in neutral zone.
0:14 of 1st period - Shot by Josh Anderson.
0:14 of 1st period - Stopped by Collin Delia without a rebound.
0:15 of 1st period - Claude Giroux wins face-off versus Nicolas Roy in Panthers zone.
0:40 of 1st period - Shot by Claude Giroux.
0:40 of 1st period - Stopped by Braden Holtby without a rebound.
0:41 of 1st period - Brett Howden wins face-off versus Jason Spezza in Devils zone.
1:05 of 1st period - Off-side.
1:06 of 1st period - Alex Galchenyuk wins face-off versus Riley Nash in neutral zone.
1:37 of 1st period - Shot by Riley Nash.
1:37 of 1st period - Shot Misses the Net.
1:39 of 1st period - Shot by Seth Jones.
1:39 of 1st period - Stopped by Braden Holtby with a rebound.
1:47 of 1st period - Shot by Michael Raffl.
1:47 of 1st period - Stopped by Braden Holtby without a rebound.
1:48 of 1st period - Aleksander Barkov wins face-off versus Josh Anderson in Devils zone.
2:01 of 1st period - Shot by Anthony DeAngelo.
2:01 of 1st period - Stopped by Collin Delia with a rebound.
2:10 of 1st period - Icing by Colton Parayko.
2:11 of 1st period - Jason Spezza wins face-off versus Aleksander Barkov in Panthers zone.
2:11 of 1st period - Jason Spezza is hit by Colton Parayko.
2:26 of 1st period - Shot by Jason Spezza.
2:26 of 1st period - Stopped by Collin Delia with a rebound.
2:28 of 1st period - Shot by Jason Spezza.
2:28 of 1st period - Stopped by Collin Delia with a rebound.
2:30 of 1st period - Shot by Alexander Barabanov.
2:30 of 1st period - Shot Misses the Net.
2:32 of 1st period - Shot by Jason Spezza.
2:32 of 1st period - Shot Blocked by Aleksander Barkov.
2:34 of 1st period - Shot by Alexander Barabanov.
2:34 of 1st period - Stopped by Collin Delia without a rebound.
2:35 of 1st period - Nicolas Roy wins face-off versus Reilly Smith in Panthers zone.
3:13 of 1st period - Shot by Seth Jones.
3:13 of 1st period - Shot Misses the Net.
3:15 of 1st period - Shot by Seth Jones.
3:15 of 1st period - Stopped by Braden Holtby with a rebound.
3:17 of 1st period - Shot by Claude Giroux.
3:17 of 1st period - Goal by Claude Giroux - Panthers : 1 - Devils : 0.
3:18 of 1st period - Brett Howden wins face-off versus Tim Stutzle in neutral zone.
3:25 of 1st period - Shot by Brett Howden.
3:25 of 1st period - Stopped by Braden Holtby without a rebound.
3:26 of 1st period - Brett Howden wins face-off versus Josh Anderson in Devils zone.
3:26 of 1st period - Brett Howden is hit by Charlie McAvoy.
3:41 of 1st period - Off-side.
3:42 of 1st period - Jason Spezza wins face-off versus Aleksander Barkov in neutral zone.
4:01 of 1st period - Icing by Seth Jones.
4:02 of 1st period - Aleksander Barkov wins face-off versus Josh Anderson in Panthers zone.
4:39 of 1st period - Minor Penalty to Andre Burakovsky for Roughing.
4:40 of 1st period - Claude Giroux wins face-off versus Mason Appleton in Panthers zone.
7:07 of 1st period - Shot by Brett Howden.
7:07 of 1st period - Stopped by Braden Holtby with a rebound.
7:30 of 1st period - Off-side.
7:31 of 1st period - Claude Giroux wins face-off versus Jason Spezza in neutral zone.
8:34 of 1st period - Shot by Josh Morrissey.
8:34 of 1st period - Stopped by Collin Delia without a rebound.
8:35 of 1st period - Aleksander Barkov wins face-off versus Nicolas Roy in Panthers zone.
8:58 of 1st period - Shot by Josh Morrissey.
8:58 of 1st period - Shot Blocked by Dmitry Kulikov.
9:00 of 1st period - Shot by Josh Morrissey.
9:00 of 1st period - Shot Blocked by Dmitry Kulikov.
11:00 of 1st period - Vladislav Namestnikov is hit by Dryden Hunt and loses puck.
11:17 of 1st period - Shot by Nicolas Roy.
11:17 of 1st period - Shot Blocked by Colton Parayko.
11:19 of 1st period - Shot by Josh Morrissey.
11:19 of 1st period - Stopped by Collin Delia without a rebound.
11:20 of 1st period - Riley Nash wins face-off versus Jason Spezza in Panthers zone.
11:24 of 1st period - Dmitry Kulikov is hit by Travis Dermott and loses puck.
11:32 of 1st period - Off-side.
11:33 of 1st period - Josh Anderson wins face-off versus Aleksander Barkov in neutral zone.
11:50 of 1st period - Shot by Aleksander Barkov.
11:50 of 1st period - Stopped by Braden Holtby without a rebound.
11:51 of 1st period - Nicolas Roy wins face-off versus Riley Nash in Devils zone.
11:51 of 1st period - Nicolas Roy is hit by Michael Raffl.
12:03 of 1st period - Shot by Mason Appleton.
12:03 of 1st period - Stopped by Collin Delia without a rebound.
12:04 of 1st period - Jason Spezza wins face-off versus Brett Howden in Panthers zone.
12:20 of 1st period - Shot by Brett Howden.
12:20 of 1st period - Shot Misses the Net.
12:22 of 1st period - Shot by Brett Howden.
12:22 of 1st period - Stopped by Braden Holtby without a rebound.
12:23 of 1st period - Claude Giroux wins face-off versus Nicolas Roy in Devils zone.
13:00 of 1st period - Shot by Claude Giroux.
13:00 of 1st period - Stopped by Braden Holtby with a rebound.
13:02 of 1st period - Shot by Nikita Zaitsev.
13:02 of 1st period - Stopped by Braden Holtby without a rebound.
13:03 of 1st period - Aleksander Barkov wins face-off versus Josh Anderson in Devils zone.
13:38 of 1st period - Shot by Tim Stutzle.
13:38 of 1st period - Stopped by Collin Delia without a rebound.
13:39 of 1st period - Riley Nash wins face-off versus Jason Spezza in Panthers zone.
14:37 of 1st period - Icing by Johnny Boychuk.
14:38 of 1st period - Jason Spezza wins face-off versus Brett Howden in Devils zone.
15:17 of 1st period - Shot by Josh Anderson.
15:17 of 1st period - Stopped by Collin Delia without a rebound.
15:18 of 1st period - Nicolas Roy wins face-off versus Claude Giroux in Panthers zone.
15:41 of 1st period - Nikita Zaitsev is hit by Nicolas Roy and loses puck.
16:19 of 1st period - Shot by Rickard Rakell.
16:19 of 1st period - Stopped by Collin Delia without a rebound.
16:20 of 1st period - Aleksander Barkov wins face-off versus Alex Galchenyuk in Panthers zone.
16:51 of 1st period - Shot by Alex Galchenyuk.
16:51 of 1st period - Shot Misses the Net.
16:53 of 1st period - Shot by Johnny Boychuk.
16:53 of 1st period - Stopped by Collin Delia without a rebound.
16:54 of 1st period - Jason Spezza wins face-off versus Brett Howden in Panthers zone.
17:27 of 1st period - Shot by David Krejci.
17:27 of 1st period - Stopped by Braden Holtby without a rebound.
17:28 of 1st period - Josh Anderson wins face-off versus Claude Giroux in Devils zone.
17:42 of 1st period - Rickard Rakell is hit by Vladislav Namestnikov and loses puck.
17:57 of 1st period - Shot by Anthony DeAngelo.
17:57 of 1st period - Stopped by Collin Delia with a rebound.
18:12 of 1st period - Minor Penalty to Anthony DeAngelo for Hooking.
18:13 of 1st period - Nicolas Roy wins face-off versus Aleksander Barkov in Devils zone.
18:45 of 1st period - Shot by Aleksander Barkov.
18:45 of 1st period - Deflect By Jonathan Marchessault.
18:45 of 1st period - Shot Misses the Net.
18:47 of 1st period - Shot by Andre Burakovsky.
18:47 of 1st period - Deflect By Jonathan Marchessault.
18:47 of 1st period - Stopped by Braden Holtby without a rebound.
18:48 of 1st period - Reilly Smith wins face-off versus Nicolas Roy in Devils zone.
18:49 of 1st period - Shot by Seth Jones.
18:49 of 1st period - Shot Blocked by Josh Morrissey.
18:51 of 1st period - Shot by Vladislav Namestnikov.
18:51 of 1st period - Stopped by Braden Holtby without a rebound.
18:52 of 1st period - Nicolas Roy wins face-off versus Claude Giroux in Devils zone.
19:01 of 1st period - Shot by Dylan DeMelo.
19:01 of 1st period - Stopped by Braden Holtby without a rebound.
19:02 of 1st period - Aleksander Barkov wins face-off versus Nicolas Roy in Devils zone.
19:03 of 1st period - Shot by Nikita Zaitsev.
19:03 of 1st period - Deflect By Aleksander Barkov.
19:03 of 1st period - Shot Misses the Net.
Goals for this period are 1 for Panthers vs 0 for Devils.
Shots for this period are 15 for Panthers vs 13 for Devils.

2nd period


0:01 of 2nd period - Claude Giroux wins face-off versus Nicolas Roy in neutral zone.
0:04 of 2nd period - Shot by Seth Jones.
0:04 of 2nd period - Stopped by Braden Holtby without a rebound.
0:05 of 2nd period - Claude Giroux wins face-off versus Nicolas Roy in Devils zone.
0:06 of 2nd period - Shot by Seth Jones.
0:06 of 2nd period - Shot Misses the Net.
0:08 of 2nd period - Shot by Vladislav Namestnikov.
0:08 of 2nd period - Deflect By Claude Giroux.
0:08 of 2nd period - Shot Misses the Net.
0:10 of 2nd period - Shot by Vladislav Namestnikov.
0:10 of 2nd period - Shot Misses the Net.
0:12 of 2nd period - Shot by Seth Jones.
0:12 of 2nd period - Stopped by Braden Holtby with a rebound.
0:15 of 2nd period - Icing by Charlie McAvoy.
0:16 of 2nd period - Aleksander Barkov wins face-off versus Alexander Barabanov in Devils zone.
0:19 of 2nd period - Shot by Jonathan Marchessault.
0:19 of 2nd period - Shot Misses the Net.
0:41 of 2nd period - Shot by Jason Spezza.
0:41 of 2nd period - Goal by Jason Spezza - Panthers : 1 - Devils : 1.
0:42 of 2nd period - Brett Howden wins face-off versus Nicolas Roy in neutral zone.
1:53 of 2nd period - Icing by Andre Burakovsky.
1:54 of 2nd period - Aleksander Barkov wins face-off versus Kevin Stenlund in Panthers zone.
1:54 of 2nd period - Aleksander Barkov is hit by Kevin Stenlund.
2:04 of 2nd period - Shot by Aleksander Barkov.
2:04 of 2nd period - Shot Misses the Net.
2:09 of 2nd period - Aleksander Barkov is hit by Johnny Boychuk and loses puck.
2:18 of 2nd period - Shot by Andre Burakovsky.
2:18 of 2nd period - Deflect By Jonathan Marchessault.
2:18 of 2nd period - Shot Blocked by Johnny Boychuk.
2:20 of 2nd period - Shot by Seth Jones.
2:20 of 2nd period - Stopped by Braden Holtby without a rebound.
2:21 of 2nd period - Claude Giroux wins face-off versus Tim Stutzle in Devils zone.
2:22 of 2nd period - Shot by Justin Braun.
2:22 of 2nd period - Stopped by Braden Holtby without a rebound.
2:23 of 2nd period - Claude Giroux wins face-off versus Jimmy Vesey in Devils zone.
3:43 of 2nd period - Jonathan Marchessault is hit by Charlie McAvoy and loses puck.
3:48 of 2nd period - Shot by Jonathan Marchessault.
3:48 of 2nd period - Shot Misses the Net.
3:50 of 2nd period - Shot by Jonathan Marchessault.
3:50 of 2nd period - Stopped by Braden Holtby with a rebound.
3:52 of 2nd period - Shot by Seth Jones.
3:52 of 2nd period - Stopped by Braden Holtby without a rebound.
3:53 of 2nd period - Riley Nash wins face-off versus Tim Stutzle in Devils zone.
4:12 of 2nd period - Shot by Michael Raffl.
4:12 of 2nd period - Shot Misses the Net.
4:14 of 2nd period - Shot by Riley Nash.
4:14 of 2nd period - Shot Misses the Net.
4:16 of 2nd period - Shot by Nikita Zaitsev.
4:16 of 2nd period - Shot Blocked by Anthony DeAngelo.
4:18 of 2nd period - Shot by Eric Robinson.
4:18 of 2nd period - Shot Blocked by Josh Morrissey.
4:20 of 2nd period - Shot by Riley Nash.
4:20 of 2nd period - Stopped by Braden Holtby without a rebound.
4:21 of 2nd period - Claude Giroux wins face-off versus Kevin Stenlund in Devils zone.
4:30 of 2nd period - Shot by Vladislav Namestnikov.
4:30 of 2nd period - Deflect By Reilly Smith.
4:30 of 2nd period - Shot Misses the Net.
4:32 of 2nd period - Shot by Justin Braun.
4:32 of 2nd period - Stopped by Braden Holtby without a rebound.
4:33 of 2nd period - Alex Galchenyuk wins face-off versus Brett Howden in Devils zone.
4:33 of 2nd period - Alex Galchenyuk is hit by Brett Howden.
4:59 of 2nd period - Anthony DeAngelo is hit by Brett Howden and loses puck.
5:37 of 2nd period - Icing by Johnny Boychuk.
5:38 of 2nd period - Aleksander Barkov wins face-off versus Josh Anderson in Devils zone.
6:13 of 2nd period - Shot by Justin Braun.
6:13 of 2nd period - Shot Misses the Net.
6:54 of 2nd period - Reilly Smith is hit by Matt Grzelcyk and loses puck.
7:16 of 2nd period - Claude Giroux is hit by Matt Grzelcyk and loses puck.
8:17 of 2nd period - Icing by Seth Jones.
8:18 of 2nd period - Riley Nash wins face-off versus Josh Anderson in Panthers zone.
8:18 of 2nd period - Dylan DeMelo is hit by Josh Anderson and loses puck.
8:51 of 2nd period - Shot by Rickard Rakell.
8:51 of 2nd period - Stopped by Collin Delia without a rebound.
8:52 of 2nd period - Claude Giroux wins face-off versus Alex Galchenyuk in Panthers zone.
9:00 of 2nd period - Icing by Alex Galchenyuk.
9:01 of 2nd period - Brett Howden wins face-off versus Alex Galchenyuk in Devils zone.
9:39 of 2nd period - Icing by Colton Parayko.
9:40 of 2nd period - Brett Howden wins face-off versus Alexander Barabanov in Panthers zone.
10:21 of 2nd period - Icing by Colton Parayko.
10:22 of 2nd period - Brett Howden wins face-off versus Josh Anderson in Panthers zone.
11:23 of 2nd period - Off-side.
11:24 of 2nd period - Claude Giroux wins face-off versus Jason Spezza in neutral zone.
11:53 of 2nd period - Kevin Stenlund is hit by Vladislav Namestnikov and loses puck.
11:59 of 2nd period - Vladislav Namestnikov is hit by Charlie McAvoy.
12:03 of 2nd period - Shot by Reilly Smith.
12:03 of 2nd period - Shot Blocked by Charlie McAvoy.
12:05 of 2nd period - Shot by Justin Braun.
12:05 of 2nd period - Shot Misses the Net.
12:26 of 2nd period - Icing by Charlie McAvoy.
12:27 of 2nd period - Jason Spezza wins face-off versus Riley Nash in Devils zone.
12:31 of 2nd period - Kevin Stenlund is hit by Eric Robinson and loses puck.
12:44 of 2nd period - Shot by Riley Nash.
12:44 of 2nd period - Deflect By Michael Raffl.
12:44 of 2nd period - Stopped by Braden Holtby without a rebound.
12:45 of 2nd period - Nicolas Roy wins face-off versus Aleksander Barkov in Devils zone.
12:47 of 2nd period - Icing by Josh Morrissey.
12:48 of 2nd period - Aleksander Barkov wins face-off versus Nicolas Roy in Devils zone.
13:01 of 2nd period - Shot by Aleksander Barkov.
13:01 of 2nd period - Shot Misses the Net.
13:48 of 2nd period - Shot by Reilly Smith.
13:48 of 2nd period - Shot Misses the Net.
14:04 of 2nd period - Shot by Claude Giroux.
14:04 of 2nd period - Stopped by Braden Holtby without a rebound.
14:05 of 2nd period - Josh Anderson wins face-off versus Brett Howden in Devils zone.
14:05 of 2nd period - Josh Anderson is hit by Oskar Sundqvist.
14:08 of 2nd period - Icing by Charlie McAvoy.
14:09 of 2nd period - Brett Howden wins face-off versus Josh Anderson in Devils zone.
14:26 of 2nd period - Shot by Josh Anderson.
14:26 of 2nd period - Stopped by Collin Delia without a rebound.
14:27 of 2nd period - Jason Spezza wins face-off versus Claude Giroux in Panthers zone.
14:38 of 2nd period - Icing by Travis Dermott.
14:39 of 2nd period - Aleksander Barkov wins face-off versus Jason Spezza in Devils zone.
15:05 of 2nd period - Shot by Alexander Barabanov.
15:05 of 2nd period - Stopped by Collin Delia without a rebound.
15:06 of 2nd period - Josh Anderson wins face-off versus Claude Giroux in Panthers zone.
15:09 of 2nd period - Shot by Tim Stutzle.
15:09 of 2nd period - Stopped by Collin Delia with a rebound.
15:28 of 2nd period - Shot by Claude Giroux.
15:28 of 2nd period - Stopped by Braden Holtby without a rebound.
15:29 of 2nd period - Nicolas Roy wins face-off versus Riley Nash in Devils zone.
16:02 of 2nd period - Minor Penalty to Nicolas Roy for Hooking.
16:03 of 2nd period - Jason Spezza wins face-off versus Claude Giroux in Devils zone.
16:30 of 2nd period - Shot by Claude Giroux.
16:30 of 2nd period - Shot Misses the Net.
16:34 of 2nd period - Shot by Vladislav Namestnikov.
16:34 of 2nd period - Shot Misses the Net.
16:36 of 2nd period - Shot by Vladislav Namestnikov.
16:36 of 2nd period - Goal by Vladislav Namestnikov - Panthers : 2 - Devils : 1.
16:37 of 2nd period - Aleksander Barkov wins face-off versus Josh Anderson in neutral zone.
16:51 of 2nd period - Shot by Aleksander Barkov.
16:51 of 2nd period - Shot Misses the Net.
16:57 of 2nd period - Jonathan Marchessault is hit by Tim Stutzle.
17:03 of 2nd period - Shot by Aleksander Barkov.
17:03 of 2nd period - Shot Misses the Net.
17:19 of 2nd period - Icing by Justin Braun.
17:20 of 2nd period - Aleksander Barkov wins face-off versus Jason Spezza in Panthers zone.
18:08 of 2nd period - Shot by Claude Giroux.
18:08 of 2nd period - Stopped by Braden Holtby without a rebound.
18:09 of 2nd period - Brett Howden wins face-off versus Nicolas Roy in Devils zone.
18:45 of 2nd period - Shot by Nicolas Roy.
18:45 of 2nd period - Stopped by Collin Delia without a rebound.
18:45 of 2nd period - Minor Penalty to Nikita Zaitsev for Roughing.
18:46 of 2nd period - Jason Spezza wins face-off versus Claude Giroux in Panthers zone.
18:53 of 2nd period - Shot by Charlie McAvoy.
18:53 of 2nd period - Stopped by Collin Delia without a rebound.
18:54 of 2nd period - Aleksander Barkov wins face-off versus Jason Spezza in Panthers zone.
19:09 of 2nd period - Shot by Tim Stutzle.
19:09 of 2nd period - Stopped by Collin Delia without a rebound.
19:10 of 2nd period - Mason Appleton wins face-off versus Aleksander Barkov in Panthers zone.
19:19 of 2nd period - Shot by Johnny Boychuk.
19:19 of 2nd period - Deflect By Nicolas Roy.
19:19 of 2nd period - Stopped by Collin Delia with a rebound.
19:21 of 2nd period - Shot by Matt Grzelcyk.
19:21 of 2nd period - Shot Blocked by Dylan DeMelo.
19:23 of 2nd period - Shot by Matt Grzelcyk.
19:23 of 2nd period - Stopped by Collin Delia without a rebound.
19:24 of 2nd period - Claude Giroux wins face-off versus Jason Spezza in Panthers zone.
Goals for this period are 1 for Panthers vs 1 for Devils.
Shots for this period are 13 for Panthers vs 10 for Devils.

3rd period


0:01 of 3rd period - Jason Spezza wins face-off versus Aleksander Barkov in neutral zone.
0:04 of 3rd period - Shot by Charlie McAvoy.
0:04 of 3rd period - Shot Misses the Net.
0:06 of 3rd period - Shot by Charlie McAvoy.
0:06 of 3rd period - Goal by Charlie McAvoy - Panthers : 2 - Devils : 2.
0:07 of 3rd period - Claude Giroux wins face-off versus Josh Anderson in neutral zone.
2:11 of 3rd period - Shot by David Krejci.
2:11 of 3rd period - Shot Misses the Net.
2:13 of 3rd period - Shot by Brett Howden.
2:13 of 3rd period - Deflect By David Krejci.
2:13 of 3rd period - Stopped by Braden Holtby without a rebound.
2:14 of 3rd period - Riley Nash wins face-off versus Dryden Hunt in Devils zone.
2:24 of 3rd period - Off-side.
2:25 of 3rd period - Josh Anderson wins face-off versus Brett Howden in neutral zone.
2:36 of 3rd period - Shot by Rickard Rakell.
2:36 of 3rd period - Shot Misses the Net.
2:56 of 3rd period - Shot by Tim Stutzle.
2:56 of 3rd period - Shot Blocked by Dmitry Kulikov.
2:58 of 3rd period - Shot by Josh Anderson.
2:58 of 3rd period - Stopped by Collin Delia without a rebound.
2:59 of 3rd period - Claude Giroux wins face-off versus Jason Spezza in Panthers zone.
3:26 of 3rd period - Vladislav Namestnikov is hit by Kevin Stenlund and loses puck.
3:41 of 3rd period - Shot by Reilly Smith.
3:41 of 3rd period - Shot Misses the Net.
3:43 of 3rd period - Shot by Seth Jones.
3:43 of 3rd period - Shot Misses the Net.
4:18 of 3rd period - Off-side.
4:19 of 3rd period - Riley Nash wins face-off versus Nicolas Roy in neutral zone.
5:27 of 3rd period - Shot by Rickard Rakell.
5:27 of 3rd period - Stopped by Collin Delia without a rebound.
5:28 of 3rd period - Claude Giroux wins face-off versus Alex Galchenyuk in Panthers zone.
6:59 of 3rd period - Shot by Josh Anderson.
6:59 of 3rd period - Shot Blocked by Colton Parayko.
7:14 of 3rd period - Shot by Josh Anderson.
7:14 of 3rd period - Stopped by Collin Delia with a rebound.
7:16 of 3rd period - Shot by Josh Anderson.
7:16 of 3rd period - Stopped by Collin Delia without a rebound.
7:17 of 3rd period - Andre Burakovsky wins face-off versus Alexander Barabanov in Panthers zone.
7:46 of 3rd period - Shot by Jonathan Marchessault.
7:46 of 3rd period - Stopped by Braden Holtby with a rebound.
8:25 of 3rd period - Icing by Dylan DeMelo.
8:26 of 3rd period - Mason Appleton wins face-off versus Claude Giroux in Panthers zone.
8:33 of 3rd period - Shot by Nicolas Roy.
8:33 of 3rd period - Stopped by Collin Delia without a rebound.
8:34 of 3rd period - Nicolas Roy wins face-off versus Riley Nash in Panthers zone.
8:51 of 3rd period - Shot by Mason Appleton.
8:51 of 3rd period - Stopped by Collin Delia without a rebound.
8:52 of 3rd period - Vladislav Namestnikov wins face-off versus Josh Anderson in Panthers zone.
9:11 of 3rd period - Shot by Claude Giroux.
9:11 of 3rd period - Stopped by Braden Holtby without a rebound.
9:12 of 3rd period - Aleksander Barkov wins face-off versus Nicolas Roy in Devils zone.
9:15 of 3rd period - Shot by Aleksander Barkov.
9:15 of 3rd period - Stopped by Braden Holtby without a rebound.
9:16 of 3rd period - Aleksander Barkov wins face-off versus Josh Anderson in Devils zone.
9:33 of 3rd period - Minor Penalty to Dylan DeMelo for Tripping.
9:34 of 3rd period - Mason Appleton wins face-off versus Claude Giroux in Panthers zone.
10:15 of 3rd period - Shot by Mason Appleton.
10:15 of 3rd period - Shot Misses the Net.
10:48 of 3rd period - Shot by Johnny Boychuk.
10:48 of 3rd period - Shot Misses the Net.
10:50 of 3rd period - Shot by Tim Stutzle.
10:50 of 3rd period - Stopped by Collin Delia without a rebound.
10:51 of 3rd period - Jonathan Marchessault wins face-off versus Jason Spezza in Panthers zone.
11:00 of 3rd period - Shot by Josh Morrissey.
11:00 of 3rd period - Stopped by Collin Delia without a rebound.
11:01 of 3rd period - Claude Giroux wins face-off versus Mason Appleton in Panthers zone.
11:18 of 3rd period - Shot by Matt Grzelcyk.
11:18 of 3rd period - Shot Blocked by Seth Jones.
11:26 of 3rd period - Shot by Matt Grzelcyk.
11:26 of 3rd period - Shot Blocked by Justin Braun.
11:28 of 3rd period - Shot by Johnny Boychuk.
11:28 of 3rd period - Stopped by Collin Delia with a rebound.
11:30 of 3rd period - Shot by Johnny Boychuk.
11:30 of 3rd period - Shot Misses the Net.
11:32 of 3rd period - Shot by Matt Grzelcyk.
11:32 of 3rd period - Shot Misses the Net.
11:38 of 3rd period - Shot by Alex Galchenyuk.
11:38 of 3rd period - Shot Blocked by Nikita Zaitsev.
11:40 of 3rd period - Shot by Josh Morrissey.
11:40 of 3rd period - Shot Misses the Net.
11:42 of 3rd period - Shot by Josh Morrissey.
11:42 of 3rd period - Stopped by Collin Delia without a rebound.
11:43 of 3rd period - Aleksander Barkov wins face-off versus Jason Spezza in Panthers zone.
12:01 of 3rd period - Icing by Dmitry Kulikov.
12:02 of 3rd period - Aleksander Barkov wins face-off versus Rickard Rakell in Panthers zone.
13:16 of 3rd period - Icing by Charlie McAvoy.
13:17 of 3rd period - Josh Anderson wins face-off versus Brett Howden in Devils zone.
14:13 of 3rd period - Shot by Anthony DeAngelo.
14:13 of 3rd period - Shot Misses the Net.
14:18 of 3rd period - Icing by Colton Parayko.
14:19 of 3rd period - Jason Spezza wins face-off versus Brett Howden in Panthers zone.
14:43 of 3rd period - Shot by Jason Spezza.
14:43 of 3rd period - Shot Hit the Post.
14:45 of 3rd period - Shot by Kevin Stenlund.
14:45 of 3rd period - Shot Misses the Net.
14:47 of 3rd period - Shot by Alexander Barabanov.
14:47 of 3rd period - Shot Misses the Net.
15:12 of 3rd period - Johnny Boychuk is hit by Dylan DeMelo and loses puck.
16:00 of 3rd period - Shot by Josh Morrissey.
16:00 of 3rd period - Stopped by Collin Delia without a rebound.
16:01 of 3rd period - Alex Galchenyuk wins face-off versus Aleksander Barkov in Panthers zone.
16:05 of 3rd period - Icing by Justin Braun.
16:06 of 3rd period - Aleksander Barkov wins face-off versus Alex Galchenyuk in Panthers zone.
16:15 of 3rd period - Shot by Jonathan Marchessault.
16:15 of 3rd period - Shot Misses the Net.
16:26 of 3rd period - Alex Galchenyuk is hit by Dmitry Kulikov and loses puck.
16:36 of 3rd period - Minor Penalty to Justin Braun for Hooking.
16:37 of 3rd period - Claude Giroux wins face-off versus Rickard Rakell in Panthers zone.
16:48 of 3rd period - Shot by Charlie McAvoy.
16:48 of 3rd period - Shot Blocked by Seth Jones.
16:52 of 3rd period - Shot by Josh Morrissey.
16:52 of 3rd period - Shot Misses the Net.
16:54 of 3rd period - Shot by Charlie McAvoy.
16:54 of 3rd period - Stopped by Collin Delia without a rebound.
16:55 of 3rd period - Aleksander Barkov wins face-off versus Mason Appleton in Panthers zone.
16:55 of 3rd period - Aleksander Barkov is hit by Nicolas Roy.
17:09 of 3rd period - Shot by Nicolas Roy.
17:09 of 3rd period - Shot Blocked by Seth Jones.
17:11 of 3rd period - Shot by Matt Grzelcyk.
17:11 of 3rd period - Stopped by Collin Delia without a rebound.
17:12 of 3rd period - Claude Giroux wins face-off versus Jason Spezza in Panthers zone.
17:20 of 3rd period - Rickard Rakell is hit by Nikita Zaitsev and loses puck.
17:25 of 3rd period - Shot by Charlie McAvoy.
17:25 of 3rd period - Stopped by Collin Delia with a rebound.
17:27 of 3rd period - Shot by Tim Stutzle.
17:27 of 3rd period - Stopped by Collin Delia with a rebound.
17:50 of 3rd period - Icing by Josh Morrissey.
17:51 of 3rd period - Jason Spezza wins face-off versus Aleksander Barkov in Devils zone.
18:14 of 3rd period - Minor Penalty to Jimmy Vesey for Cross-checking.
18:15 of 3rd period - Aleksander Barkov wins face-off versus Nicolas Roy in Devils zone.
18:31 of 3rd period - Icing by Johnny Boychuk.
18:32 of 3rd period - Nicolas Roy wins face-off versus Claude Giroux in Devils zone.
18:36 of 3rd period - Matt Grzelcyk is hit by Nikita Zaitsev and loses puck.
19:06 of 3rd period - Minor Penalty to Josh Morrissey for Holding.
19:07 of 3rd period - Aleksander Barkov wins face-off versus Mason Appleton in Devils zone.
19:14 of 3rd period - Shot by Seth Jones.
19:14 of 3rd period - Stopped by Braden Holtby without a rebound.
19:15 of 3rd period - Mason Appleton wins face-off versus Aleksander Barkov in Devils zone.
19:37 of 3rd period - Shot by Aleksander Barkov.
19:37 of 3rd period - Stopped by Braden Holtby without a rebound.
19:38 of 3rd period - Claude Giroux wins face-off versus Nicolas Roy in Devils zone.
19:39 of 3rd period - Shot by Nikita Zaitsev.
19:39 of 3rd period - Stopped by Braden Holtby without a rebound.
19:40 of 3rd period - Nicolas Roy wins face-off versus Claude Giroux in Devils zone.
19:50 of 3rd period - Reilly Smith is hit by Travis Dermott and loses puck.
19:53 of 3rd period - Shot by Colton Parayko.
19:53 of 3rd period - Shot Misses the Net.
19:55 of 3rd period - Shot by Nikita Zaitsev.
19:55 of 3rd period - Goal by Nikita Zaitsev - Panthers : 3 - Devils : 2.
19:56 of 3rd period - Nicolas Roy wins face-off versus Aleksander Barkov in neutral zone.
Goals for this period are 1 for Panthers vs 1 for Devils.
Shots for this period are 8 for Panthers vs 16 for Devils.